 Dungeon Crawl Stone Soup version 0.18.1-48-g4cf74bf (webtiles) character file.

13031 PossumBlood the Severer (level 11, -1/104 HPs)
             Began as a Minotaur Fighter on Aug 17, 2016.
             Was a High Priest of Okawaru.
             Slain by a 12-headed hydra (3 damage)
             ... on level 11 of the Dungeon.
             The game lasted 00:30:15 (11912 turns).

PossumBlood the Severer (Minotaur Fighter)         Turns: 11912, Time: 00:30:16

Health: -1/104     AC: 21    Str: 29    XL:     11   Next: 70%
Magic:  8/10       EV: 14    Int: 13    God:    Okawaru [*****.]
Gold:   597        SH:  4    Dex: 15    Spells: 0 memorised, 10 levels left

rFire  + . .     SeeInvis +     K - +6 battleaxe "Igixiufa" {vamp, rElec rC- Int+8 Dex+5}
rCold  x . .     Gourm    .     U - +2 ring mail of the Barnacle {rPois rF+ Str+5}
rNeg   . . .     Faith    .     (shield currently unavailable)
rPois  +         Spirit   .     (helmet restricted)
rElec  +         Dismiss  .     I - +2 cloak
rCorr  .         Reflect  +     z - +1 pair of gloves
SustAt +         Harm     .     m - +3 pair of boots of a bazaar {SInv}
MR     .....                    t - +4 amulet of reflection
Stlth  ++........               v - ring of flight
                                b - ring of sustain attributes

@: heroism, not resistant to hostile enchantments, unstealthy
A: retaliatory headbutt, horns 2
a: Heroism, Finesse, Renounce Religion, Evoke Flight


You were on level 11 of the Dungeon.
You worshipped Okawaru.
Okawaru was extremely pleased with you.
You were full.

You visited 2 branches of the dungeon, and saw 12 of its levels.

You collected 831 gold pieces.
You spent 234 gold pieces at shops.

Inventory:

Hand Weapons
 C - the +4 short sword of Yqiti {pierce, Stlth+}
   (You found it on level 4 of the Dungeon)

   It inflicts extra damage upon your enemies.
   It makes you more stealthy.
 K - the +6 battleaxe "Igixiufa" (weapon) {vamp, rElec rC- Int+8 Dex+5}
   (Okawaru gifted it to you on level 8 of the Dungeon)

   It inflicts no extra harm, but heals its wielder somewhat when it strikes a
   living foe.
   It affects your intelligence (+8).
   It affects your dexterity (+5).
   It makes you vulnerable to cold.
   It insulates you from electricity.
 R - the +8 Wrath of Trog {antimagic, *Rage}
   (Okawaru gifted it to you on level 10 of the Dungeon)

   It disrupts the flow of magical energy around spellcasters and certain
   magical creatures (including the wielder).
   It may make you go berserk in combat.
 W - the +14 plutonium sword {*Contam Stlth-}
   (You found it on level 10 of the Dungeon)

   It causes magical contamination when unequipped.
   It makes you less stealthy.
 X - the +4 dagger of Sudden Death {holy, rC+ MR+ Dex+3, unknown}
   (You found it on level 10 of the Dungeon)

   It has been blessed by the Shining One to cause great damage to the undead
   and demons.
   It affects your dexterity (+3).
   It protects you from cold.
   It affects your resistance to hostile enchantments.
Missiles
 w - 18 tomahawks (quivered)
Armour
 m - the +3 pair of boots of a bazaar (worn) {SInv}
   (You found it on level 7 of the Dungeon)

   It lets you see invisible.
 z - a +1 pair of gloves (worn)
 I - a +2 cloak (worn)
 U - the +2 ring mail of the Barnacle (worn) {rPois rF+ Str+5}
   (You bought it in a shop on level 9 of the Dungeon)

   It affects your strength (+5).
   It protects you from fire.
   It protects you from poison.
Rods
 P - a +7 rod of clouds (14/14)
   (You found it on level 10 of the Dungeon)
Jewellery
 b - a ring of sustain attributes (left hand)
 t - a +4 amulet of reflection (around neck)
 v - a ring of flight (right hand)
Wands
 a - a wand of flame (23/48)
 o - a wand of polymorph (9/24)
 q - a wand of flame (18/48)
 A - a wand of flame (3/48)
 F - a wand of polymorph (11/24)
 J - a wand of flame (48/48)
Scrolls
 l - 4 scrolls of remove curse
 n - a scroll of enchant armour
 r - 3 scrolls of fog
 s - a scroll of recharging
 u - a scroll of identify
 B - a scroll of teleportation
 E - 2 scrolls of noise
 G - a scroll of enchant weapon
 H - a scroll of magic mapping
Potions
 c - a potion of ambrosia {unknown}
 d - 3 potions of might
 e - a potion of agility {unknown}
 g - a potion of invisibility {unknown}
 h - 5 potions of curing
 i - 3 potions of magic
 j - 2 potions of cure mutation
 p - a potion of brilliance {unknown}
 D - 2 potions of flight {unknown}
 L - a potion of resistance
 M - 4 potions of degeneration
Miscellaneous
 Y - a phantom mirror
 Z - a plain deck of wonders
Comestibles
 f - 6 bread rations
 k - a beef jerky
 Q - a slice of pizza
 V - 24 fruits


   Skills:
 + Level 11.7(16.7) Fighting
 * Level 15.9(20.9) Axes
 + Level 10.8(15.8) Armour
   Level 3.6(8.6) Shields


You had 10 spell levels left.
You didn't know any spells.

Dungeon Overview and Level Annotations

Branches:
Dungeon (11/15)            Temple (1/1) D:4            Lair (0/8) D:10
    Orc (0/2) D:10

Altars:
Ashenzari
Cheibriados
Dithmenos
Elyvilon
Fedhas
Gozag
Kikubaaqudgha
Makhleb
Nemelex Xobeh
Okawaru
Pakellas
Qazlal
Ru
Sif Muna
Trog
Vehumet
Xom
Yredelemnul
Zin
The Shining One
Beogh

Shops:
D:4 (   D:9 [

Annotations:
D:10 exclusion: obsidian statue


Innate Abilities, Weirdness & Mutations

You reflexively headbutt those who attack you in melee.
You have a pair of horns on your head.


Message History

The 12-headed hydra bites you.
* * * LOW HITPOINT WARNING * * *
The 12-headed hydra bites you but does no damage.
The 12-headed hydra closely misses you. The 12-headed hydra bites you.
* * * LOW HITPOINT WARNING * * *
The 12-headed hydra bites you but does no damage.
The 12-headed hydra misses you. The 12-headed hydra bites you!
* * * LOW HITPOINT WARNING * * *
Drink which item? (? for menu, Esc to quit)
You feel much better. The 12-headed hydra barely misses you.
You furiously retaliate!
You headbutt the 12-headed hydra. You block the 12-headed hydra's attack.
The 12-headed hydra bites you but does no damage.
The 12-headed hydra misses you. The 12-headed hydra bites you!
* * * LOW HITPOINT WARNING * * *
The 12-headed hydra completely misses you.
The 12-headed hydra bites you!
* * * LOW HITPOINT WARNING * * *
The 12-headed hydra bites you.
You die...

........#########..........#.....
................)......#####...##
#########..........††..#.......'.
#.......##'#####....†..#.......#(
#..............#.......#########.
#..............#.................
#..........(...#.................
#######........#.................
##########@.....<.....#'###
......D.........>..#...#
...................#....
........##+####....#.†..
........# #....#.... .....r..+
#....#.... ........# #....#....
........# #....#.... #....


You could see a 12-headed hydra and a quokka.

Vanquished Creatures
  Erolcha (D:8)
  The ghost of wojtek the Slicer, a journeyman KoAs of Makhleb (D:10)
  An unseen horror (D:8)
  4 hill giants
  3 trolls (D:9)
  A two-headed ogre (D:9)
  Sigmund (D:2)
  5 yaks (D:11)
  2 steam dragons (D:6)
  2 hippogriffs (D:11)
  2 hungry ghosts (D:10)
  A water moccasin (D:6)
  3 black bears
  A wasp (D:8)
  5 ice beasts
  6 orc warriors
  3 phantoms
  2 sky beasts
  The ghost of PossumBlood the Skirmisher, an amateur DsFi (D:4)
  3 centaurs
  7 ogres
  The ghost of PossumBlood the Conjurer, an amateur DgCj (D:3)
  2 crocodiles
  5 big kobolds
  3 giant frogs
  3 scorpions
  A water moccasin skeleton (D:8)
  5 wights (D:10)
  10 killer bees (D:9)
  4 howler monkeys
  An electric eel (D:6)
  8 crimson imps
  2 jellies
  2 giant frog zombies
  2 quasits
  9 orc priests
  4 hounds
  A centaur skeleton (D:5)
  A giant frog skeleton (D:11)
  7 iguanas
  11 orc wizards
  6 worker ants
  2 killer bee zombies
  A hound zombie (D:11)
  2 hound skeletons
  2 worker ant zombies
  A howler monkey zombie (D:5)
  16 gnolls
  13 adders
  A shadow imp (D:5)
  An adder skeleton (D:8)
  2 worms (D:4)
  A dart slug (D:1)
  5 giant geckos
  33 orcs
  11 giant cockroaches
  31 goblins
  29 hobgoblins
  14 jackals
  20 kobolds
  4 quokkas
  A ball python (D:1)
  7 bats
  A giant gecko skeleton (D:4)
  2 giant newts
  2 quokka zombies
  8 rats
  A fungus (D:6)
354 creatures vanquished.

Vanquished Creatures (others)
  4 goblins (D:4)
  A quokka (D:2)
5 creatures vanquished.

Grand Total: 359 creatures vanquished

Notes
Turn   | Place    | Note
--------------------------------------------------------------
     0 | D:1      | PossumBlood the Minotaur Fighter began the quest for the Orb.
     0 | D:1      | Reached XP level 1. HP: 19/19 MP: 0/0
   151 | D:1      | Reached XP level 2. HP: 19/27 MP: 1/1
   604 | D:2      | Found an ancient bone altar of Kikubaaqudgha.
   605 | D:2      | Found a blossoming altar of Fedhas.
   607 | D:2      | Found a shattered altar of Ashenzari.
   615 | D:2      | Reached skill level 3 in Axes
   615 | D:2      | Reached XP level 3. HP: 20/34 MP: 2/2
   799 | D:2      | Found a radiant altar of Vehumet.
   800 | D:2      | Found an oddly glowing altar of Pakellas.
   886 | D:2      | Found a sacrificial altar of Ru.
  1029 | D:2      | Reached skill level 5 in Fighting
  1130 | D:2      | Found a white marble altar of Elyvilon.
  1153 | D:2      | Noticed Sigmund
  1163 | D:2      | Killed Sigmund
  1163 | D:2      | Reached skill level 4 in Axes
  1163 | D:2      | Reached XP level 4. HP: 18/45 MP: 3/3
  1163 | D:2      | Reached XP level 5. HP: 20/51 MP: 4/4
  2225 | D:3      | Found a faded altar to an unknown god.
  2257 | D:3      | Found a burning altar of Makhleb.
  2264 | D:3      | Noticed PossumBlood's ghost (amateur DgCj)
  2287 | D:3      | Killed PossumBlood's ghost
  2287 | D:3      | Reached XP level 6. HP: 24/60 MP: 5/5
  2582 | D:3      | Noticed a blizzard demon
  2707 | D:3      | Found a glowing silver altar of Zin.
  2707 | D:3      | Noticed an angel
  2819 | D:4      | Found a staircase to the Ecumenical Temple.
  2823 | D:4      | Noticed PossumBlood's ghost (amateur DsFi)
  2833 | D:4      | Killed PossumBlood's ghost
  2833 | D:4      | Reached skill level 5 in Axes
  2838 | Temple   | Entered the Ecumenical Temple
  2948 | Temple   | Became a worshipper of Warmaster Okawaru
  3096 | D:4      | Got a bloodstained short sword
  3115 | D:4      | Identified the +4 short sword of Yqiti {pierce, Stlth+} (You found it on level 4 of the Dungeon)
  3342 | D:4      | Found Naeluoqu's Weapon Shoppe.
  3865 | D:4      | Reached XP level 7. HP: 68/68 MP: 6/6
  4267 | D:5      | Entered Level 5 of the Dungeon
  4298 | D:5      | Reached skill level 6 in Axes
  4301 | D:5      | Reached * piety under Okawaru
  4461 | D:5      | Reached XP level 8. HP: 78/79 MP: 7/7
  4477 | D:5      | Reached skill level 10 in Fighting
  4520 | D:5      | Found a radiant altar of Vehumet.
  4594 | D:5      | Reached skill level 7 in Axes
  4647 | D:5      | Reached ** piety under Okawaru
  4729 | D:5      | Reached skill level 8 in Axes
  4895 | D:6      | Reached skill level 9 in Axes
  5356 | D:6      | Reached XP level 9. HP: 88/89 MP: 8/8
  5481 | D:6      | Reached *** piety under Okawaru
  5593 | D:6      | Reached skill level 10 in Axes
  5593 | D:6      | Reached skill level 5 in Armour
  5992 | D:7      | Noticed a hill giant
  6001 | D:7      | Killed a hill giant
  6001 | D:7      | Reached skill level 11 in Axes
  6370 | D:7      | Got a pair of faintly glowing boots
  6374 | D:7      | Identified the +3 pair of boots of a bazaar {SInv} (You found it on level 7 of the Dungeon)
  6707 | D:7      | Reached **** piety under Okawaru
  7193 | D:8      | Noticed an unseen horror
  7203 | D:8      | Killed an unseen horror
  7203 | D:8      | Reached skill level 12 in Axes
  7203 | D:8      | Reached XP level 10. HP: 77/95 MP: 9/9
  7532 | D:8      | Found a snail-covered altar of Cheibriados.
  7537 | D:8      | Noticed Erolcha
  7545 | D:8      | Killed Erolcha
  7545 | D:8      | Reached ***** piety under Okawaru
  7545 | D:8      | Received a gift from Okawaru
  7545 | D:8      | Reached skill level 13 in Axes
  7552 | D:8      | Got a steaming battleaxe {god gift}
  7553 | D:8      | Identified the +6 battleaxe "Igixiufa" {vamp, rElec rC- Int+8 Dex+5} (Okawaru gifted it to you on level 8 of the Dungeon)
  8032 | D:8      | Found a glowing golden altar of the Shining One.
  8549 | D:9      | Found a sparkling altar of Nemelex Xobeh.
  8781 | D:9      | Reached skill level 14 in Axes
  9050 | D:9      | Found Affaguji's Antique Armour Emporium.
  9060 | D:9      | Bought a faintly humming ring mail for 234 gold pieces
  9060 | D:9      | Identified the +2 ring mail of the Barnacle {rPois rF+ Str+5} (You bought it in a shop on level 9 of the Dungeon)
  9102 | D:9      | Reached XP level 11. HP: 100/102 MP: 10/10
  9380 | D:10     | Entered Level 10 of the Dungeon
  9614 | D:10     | Noticed wojtek's ghost (journeyman KoAs)
  9635 | D:10     | Killed wojtek's ghost
  9635 | D:10     | Reached skill level 10 in Armour
  9645 | D:10     | Found a staircase to the Lair.
  9653 | D:10     | Noticed a hill giant
  9659 | D:10     | Killed a hill giant
  9659 | D:10     | Received a gift from Okawaru
  9659 | D:10     | Reached skill level 15 in Axes
  9736 | D:10     | Noticed an obsidian statue
 10174 | D:10     | HP: 5/102 [poisoned by an orange demon]
 10715 | D:10     | Noticed a soul eater
 10717 | D:10     | Got a polished dagger
 10838 | D:10     | Found a staircase to the Orcish Mines.
 10992 | D:10     | Noticed a sun demon
 11250 | D:10     | Identified a +7 rod of clouds (14/14) (You found it on level 10 of the Dungeon)
 11273 | D:10     | Noticed a hill giant
 11278 | D:10     | Killed a hill giant
 11429 | D:10     | Found a roughly hewn altar of Beogh.
 11859 | D:11     | Noticed a hill giant
 11866 | D:11     | Killed a hill giant
 11904 | D:11     | Noticed a six-headed hydra
 11912 | D:11     | HP: 2/104 [12-headed hydra (13)]
 11912 | D:11     | Slain by a 12-headed hydra

Skill      XL: |  1  2  3  4  5  6  7  8  9 10 11 |
---------------+----------------------------------+-----
Fighting       | 4 6 7 8 9 11 | 11.7
Axes           | 3 4 5 6 9 12 14 15 | 15.9
Armour         | 4 7 9 10 | 10.8
Shields        | |  3.6

Action                   |  1- 3 |  4- 6 |  7- 9 | 10-12 || total
-------------------------+-------+-------+-------+-------++-------
Melee: War axe           |    96 |   154 |   295 |    69 ||   614
       Headbutt          |    17 |    20 |    62 |    91 ||   190
       Battleaxe         |       |       |       |   353 ||   353
Throw: Tomahawk          |       |       |       |     2 ||     2
Invok: Heroism           |       |       |       |     1 ||     1
  Use: Scroll            |       |     4 |     9 |    10 ||    23
       Potion            |       |       |       |     2 ||     2
  Eat: Bread ration      |     1 |       |       |     1 ||     2
       Fruit             |       |     4 |     4 |       ||     8
       Royal jelly       |       |     1 |       |       ||     1
       Beef jerky        |       |       |     4 |     3 ||     7
       Pizza             |       |       |     1 |       ||     1
       Meat ration       |       |       |       |     4 ||     4
Armor: Scale mail        |    44 |    49 |   109 |    81 ||   283
       Ring mail         |       |       |       |   147 ||   147
Dodge: Dodged            |    24 |    28 |    71 |   234 ||   357
Block: Shield            |    48 |    98 |   190 |    37 ||   373
       Reflection        |       |    13 |     6 |     1 ||    20
       Other             |       |       |       |    66 ||    66
